 Dungeon Crawl Stone Soup version 0.31.0-32-g396128a36d (webtiles) character file.

Game seed: 1789036554420687038

383 luncs the Gusty (level 6, 0/32 HPs)
             Began as a Tengu Air Elementalist on Apr 12, 2024.
             Slain by Edmund
             ... wielding a +4 dire flail of protection
              (6 damage)
             ... on level 4 of the Dungeon.
             The game lasted 00:29:10 (4798 turns).

luncs the Gusty (Tengu Air Elementalist)            Turns: 4798, Time: 00:29:11

Health: 0/32       AC:  5    Str:  8    XL:     6   Next: 76%
Magic:  11/12      EV: 13    Int: 17    God:
Gold:   1325       SH:  5    Dex: 15    Spells: 2/12 levels left

rFire   . . .        d - +0 whip
rCold   . . .        (no shield)
rNeg    . . .        a - +1 robe
rPois   .            (helmet restricted)
rElec   .            (no cloak)
rCorr   +            (no gloves)
SInv    +            (boots unavailable)
Will    .....        k - amulet of reflection
Stlth   ++           f - ring of resist corrosion
HPRegen 0.25/turn    h - ring of see invisible
MPRegen 0.13/turn

%: reflection, acrobat
@: no status effects
A: beak, talons 3, acrobatic, iridescent scales 1
a: no special abilities


You were on level 4 of the Dungeon.
You visited 1 branch of the dungeon, and saw 4 of its levels.

You collected 1325 gold pieces.

Inventory:

Hand Weapons
 d - a +0 whip (weapon)
Missiles
 c - 44 stones
 e - 8 poisoned darts
 j - 5 javelins
Armour
 a - a +1 robe (worn)
 g - a +0 helmet
Jewellery
 f - a ring of resist corrosion (left hand)
 h - a ring of see invisible (right hand)
 k - an amulet of reflection (around neck)
 q - a ring of positive energy
Talismans
 l - a serpent talisman
 r - a beast talisman
Scrolls
 i - a scroll of amnesia
 n - a scroll of teleportation


   Skills:
 + Level 0.3 Fighting
 + Level 1.3 Maces & Flails
 + Level 3.2 Dodging
 + Level 2.9 Stealth
 + Level 0.4 Shields
 + Level 3.7 Spellcasting
 + Level 3.8 Conjurations
 + Level 5.9 Air Magic


You had 2 spell levels left.
You knew the following spells:

 Your Spells              Type           Power      Damage    Failure   Level
a - Shock                 Conj/Air       76%        1d7       2%          1
b - Airstrike             Air            11%        2d(2-18)  14%         4
c - Static Discharge      Conj/Air       38%        3-5/arc   3%          2
d - Gell's Gravitas       Tloc           3%         N/A       43%         3

Your spell library contained the following spells:

 Spells                   Type           Power      Damage    Failure   Level
 Ensorcelled Hibernation  Hex/Ice        6%         N/A       24%         2
 Lesser Beckoning         Tloc           6%         N/A       24%         2
 Swiftness                Air            23%        N/A       4%          3
 Fugue of the Fallen      Necr           3%         N/A       43%         3
 Teleport Other           Tloc           3%         N/A       43%         3
 Anguish                  Hex/Necr       1%         N/A       85%         4


Dungeon Overview and Level Annotations

Branches:
Dungeon (4/15)
 Temple: D:4-7

Altars:
Makhleb

Shops:
D:2 [***(   D:4 *

Annotations:
D:4 Edmund


Innate Abilities, Weirdness & Mutations

You have a beak for a mouth.
You have claws for feet.
You can magically evade attacks while moving or waiting.
You are partially covered in iridescent scales. (AC +2)


Message History

Edmund barely misses you.
Aiming: Shock (safe; 2% risk of failure)
Press: ? - help, Q - select action, (/) - cycle Shift-Dir - straight line, f/p - Edmund
Aim: Edmund, wielding a +4 dire flail of protection and wearing a +0 scale mail (moderately wounded, 75% to hit)
The zap hits Edmund.
Edmund is moderately wounded.
Edmund misses you.
Aiming: Shock (safe; 2% risk of failure)
Press: ? - help, Q - select action, (/) - cycle Shift-Dir - straight line, f/p - Edmund
Aim: Edmund, wielding a +4 dire flail of protection and wearing a +0 scale mail (moderately wounded, 75% to hit)
The zap hits Edmund.
Edmund is heavily wounded.
Edmund hits you with a +4 dire flail of protection.
You hit Edmund but do no damage. You claw Edmund, but do no damage.
Edmund is heavily wounded.
You block Edmund's attack.
You closely miss Edmund. Your peck misses Edmund.
Edmund is heavily wounded.
Edmund hits you with a +4 dire flail of protection.
You barely miss Edmund. You claw Edmund, but do no damage.
Edmund is heavily wounded.
Edmund hits you but does no damage.
You hit Edmund but do no damage.
Edmund is heavily wounded.
You block Edmund's attack.
You hit Edmund but do no damage. You claw Edmund, but do no damage.
You peck Edmund, but do no damage.
Edmund is heavily wounded.
Edmund hits you with a +4 dire flail of protection!
Ouch! That really hurt!
* * * LOW HITPOINT WARNING * * *
You hit Edmund but do no damage. Your kick misses Edmund.
Edmund is heavily wounded.
Edmund hits you with a +4 dire flail of protection.
* * * LOW HITPOINT WARNING * * *
You hit Edmund but do no damage. Your kick misses Edmund.
Edmund is heavily wounded.
Edmund hits you with a +4 dire flail of protection.
You die...
Edmund whines, "They better pay attention to me now!"

########## #.@@......
###############.########
...........>..#.#
###########.#.#.#
#.#.#.# #.#.#.#
#####'#.#.# #.......#.#
### #.......#.#


You could see Edmund.

Vanquished Creatures
  A scorpion (D:4)
  2 hounds (D:4)
  An orc priest (D:4)
  2 iguanas
  7 adders
  3 gnolls (D:2)
  A dart slug (D:1)
  2 ribbon worms (D:3)
  5 orcs (D:4)
  9 ball pythons
  3 endoplasms
  2 giant cockroaches
  12 hobgoblins
  5 jackals
  4 kobolds
  2 quokkas
  8 bats
  2 frilled lizards
  11 goblins
  2 rats
84 creatures vanquished.

Vanquished Creatures (collateral kills)
  A dart slug (D:2)
  A goblin (D:2)
  A hobgoblin (D:2)
  2 rats (D:2)
5 creatures vanquished.

Grand Total: 89 creatures vanquished

Notes
Turn   | Place    | Note
-------+----------+-------------------------------------------
     0 | D:1      | luncs the Tengu Air Elementalist began the quest for the
                  | Orb.
     0 | D:1      | Reached XP level 1. HP: 10/10 MP: 4/4
   269 | D:1      | Reached XP level 2. HP: 15/15 MP: 4/6
   655 | D:1      | Reached XP level 3. HP: 19/19 MP: 1/7
  1233 | D:2      | Gained mutation: You are partially covered in iridescent
                  | scales. (AC +2) [potion of mutation]
  1415 | D:2      | Reached skill level 1 in Maces & Flails
  1415 | D:2      | Reached XP level 4. HP: 19/24 MP: 1/8
  1552 | D:2      | Found Xetrokufi's General Store.
  1569 | D:2      | Learned a level 4 spell: Airstrike
  1572 | D:2      | Learned a level 2 spell: Static Discharge
  1929 | D:2      | Found Sijur's General Store.
  2026 | D:2      | Found Qympaemp's Weapon Emporium.
  2172 | D:2      | Found Paic's Antique Armour Emporium.
  2394 | D:2      | Found Fynear's General Store.
  2538 | D:3      | Reached skill level 5 in Air Magic
  2668 | D:3      | Reached XP level 5. HP: 21/28 MP: 0/10
  3697 | D:4      | Found Kiro's General Store.
  3996 | D:4      | Reached XP level 6. HP: 30/32 MP: 5/12
  4138 | D:4      | Identified a scroll of acquirement
  4139 | D:4      | Acquired 970 gold pieces
  4192 | D:4      | Learned a level 3 spell: Gell's Gravitas
  4707 | D:4      | Found a burning altar of Makhleb.
  4781 | D:4      | Noticed Edmund
  4798 | D:4      | Slain by Edmund

Illustrated notes

Levels and vault maps discovered:
D:1:      grunt_arrival_lava_bath, layout_basic, minmay_misc_feat_four_crosses
D:2:      layout_basic, serial_shops, nicolae_shop_real_fake_doors, shop,
          nicolae_shop_pleasant_corner_grove, shop, shop
D:3:      layout_basic, st_stairs_9, kennysheep_generic_room_5
D:4:      layout_basic, amcnicky_altar_gilded, nicolae_stop_n_shop_1,
          uniq_edmund

Skill      XL: |  1  2  3  4  5 |
---------------+----------------+-----
Conjurations   | 2 3 |  3.8
Maces & Flails | 1 |  1.3
Air Magic      | 5 |  5.9
Dodging        | 3 |  3.2
Spellcasting   | 3 |  3.7
Fighting       | |  0.3
Stealth        | |  2.9
Shields        | |  0.4

Action                     |  1- 3 |  4- 6 || total
---------------------------+-------+-------++-------
  Melee: Unarmed           |     1 |       ||     1
         Whip              |    19 |    47 ||    66
         Kick              |     4 |    11 ||    15
         Peck              |     3 |     5 ||     8
   Cast: Shock             |    49 |   119 ||   168
         Airstrike         |       |     4 ||     4
         Static Discharge  |       |     4 ||     4
    Use: Scroll            |     3 |     7 ||    10
         Potion            |     2 |     4 ||     6
   Stab: Sleeping          |     1 |       ||     1
 Armour: Robe              |    21 |    36 ||    57
  Dodge: Dodged            |    42 |    70 ||   112
  Block: Other             |       |    18 ||    18
